 Dungeon Crawl Stone Soup version 0.31-a0-83-gbff143cfd1 (webtiles) character file.

Game seed: 9413565861201914638

464 Strat the Covert (level 7, 0/40 HPs)
             Began as a Kobold Brigand on May 24, 2023.
             Slain by a mummy (11 damage)
             ... in an ossuary.
             The game lasted 00:05:24 (2996 turns).

Strat the Covert (Kobold Brigand)                   Turns: 2996, Time: 00:05:25

Health: 0/40       AC:  8    Str:  5 (8)  XL:     7   Next: 29%
Magic:  7/7        EV: 14    Int:  9 (12) God:
Gold:   56         SH:  0    Dex: 17 (19) Spells: 5/6 levels left

rFire   . . .        b - +0 short sword (flame)
rCold   + . .        (no shield)
rNeg    . . .        r - +3 robe "Deuduuxe" {-Tele Rampage rElec rC+}
rPois   .            (no helmet)
rElec   +            c - +0 cloak
rCorr   .            x - +0 pair of gloves
SInv    .            n - +0 pair of boots
Will    .....        (no amulet)
Stlth   ++++++       (no ring)
HPRegen 0.26/turn    (no ring)
MPRegen 0.10/turn

%: no teleportation, rampage
@: no status effects
A: small, no large weapons, nightstalker 3
a: no special abilities


You were in an ossuary.
You visited 1 branch of the dungeon, and saw 4 of its levels.
You also visited: Ossuary.

You collected 56 gold pieces.

Inventory:

Hand Weapons
 a - a +2 dagger
 b - a +0 short sword of flaming (weapon)
Missiles
 d - 14 poisoned darts (quivered)
 e - 3 curare-tipped darts
Armour
 c - a +0 cloak (worn)
 k - a +0 robe
 n - a +0 pair of boots (worn)
 r - the +3 robe "Deuduuxe" (worn) {-Tele Rampage rElec rC+}
   (You found it on level 3 of the Dungeon)

   rC:        It protects you from cold.
   rElec:     It insulates you from electricity.
   -Tele:     It prevents most forms of teleportation.
   Rampage:   It bestows one free step when moving towards enemies.
 x - a +0 pair of gloves (worn)
Jewellery
 m - an amulet of the acrobat
 y - an amulet of magic regeneration
Scrolls
 f - 5 scrolls of identify
 h - 3 scrolls of fog {unknown}
 j - a scroll of torment {unknown}
 l - a scroll of vulnerability {unknown}
 p - 2 scrolls of teleportation {unknown}
 t - 2 scrolls of magic mapping {unknown}
 z - a scroll of poison {unknown}
 B - a scroll of acquirement {unknown}
Potions
 g - a potion of brilliance {unknown}
 i - a potion of curing {unknown}
 o - a potion of ambrosia {unknown}
 q - 2 potions of cancellation
 s - a potion of might {unknown}
 u - 2 potions of degeneration
 v - a potion of attraction {unknown}
 w - a potion of enlightenment {unknown}
 A - 2 potions of haste {unknown}


   Skills:
 * Level 2.7 Fighting
 * Level 5.3 Short Blades
 - Level 2.1 Throwing
 + Level 1.6 Dodging
 - Level 10.0 Stealth


You had 5 spell levels left.
You knew the following spells:

 Your Spells              Type           Power      Damage    Failure   Level
a - Apportation           Tloc           0%         N/A       38%         1

Your spell library contained the following spells:

 Spells                   Type           Power      Damage    Failure   Level
 Necrotise                Necr           0%         1d4       38%         1
 Summon Small Mammal      Summ           0%         N/A       38%         1
 Inner Flame              Hex/Fire       0%         N/A       77%         3
 Flame Wave               Conj/Fire      0%         2d4       99%         4
 Sticky Flame             Conj/Fire      0%         2d3       99%         4


Dungeon Overview and Level Annotations

Branches:
Dungeon (4/15)            Ossuary (1/1)
 Temple: D:4-7

Altars:
The Shining One


Innate Abilities, Weirdness & Mutations

You are small and have problems with some larger weapons.
You are completely attuned to the shadows.


Message History

A mummy comes into view.
You hit the wyvern zombie. You burn the wyvern zombie.
The wyvern zombie is lightly damaged.
The wyvern zombie barely misses you.
You barely miss the wyvern zombie.
The wyvern zombie is lightly damaged.
The wyvern zombie bites you!
* * * LOW HITPOINT WARNING * * *
You hit the wyvern zombie. You burn the wyvern zombie.
The wyvern zombie is lightly damaged.
The wyvern zombie misses you.
A mummy comes into view.
You hit the wyvern zombie. You burn the wyvern zombie.
You punch the wyvern zombie, but do no damage.
The wyvern zombie is moderately damaged.
The wyvern zombie misses you.
You hit the wyvern zombie. You burn the wyvern zombie.
The wyvern zombie is heavily damaged.
The wyvern zombie misses you.
Unknown command.
Okay, then.
As you read the scroll labelled YBOGEN HEGU, it crumbles to dust.
It is a scroll of identify.
q - 2 potions of cancellation The wyvern zombie barely misses you.
Okay, then.
It was a potion of degeneration.
There was something very wrong with that liquid.
You feel weakened.
You feel dopey.
You feel clumsy.
The wyvern zombie bites you but does no damage.
You hit the wyvern zombie. You burn the wyvern zombie.
The wyvern zombie is heavily damaged.
The wyvern zombie closely misses you.
You hit the wyvern zombie. You burn the wyvern zombie.
You punch the wyvern zombie, but do no damage.
The wyvern zombie is heavily damaged.
The wyvern zombie bites you!
* * * LOW HITPOINT WARNING * * *
The mummy hits you!
You die...

#.#.#.#P~.#P~.≈
#'#'#'#~~.~.#~#
+.......~.~~~.+
#.##'##'##~##~#
+.#...#.#...#
###.#...###.∩.#
#.'.#...# #∩..#
###.#####'#####
#.'ZZ@MM~~
###.#####~
#.'.# ###.#
#.'.# ###.#
#.'.....
###'#'#' #.#.#


You could see 2 mummies, a wyvern zombie and a howler monkey zombie.

Vanquished Creatures
  A scorpion (D:4)
  4 bullfrog zombies (Ossuary)
  A centaur zombie (Ossuary)
  An orc wizard (D:3)
  A killer bee zombie (Ossuary)
  4 mummies
  A howler monkey zombie (Ossuary)
  6 adders
  8 orcs
  5 endoplasms
  2 giant cockroaches
  8 hobgoblins
  3 jackals (D:1)
  3 quokkas
  5 ball pythons
  6 bats
  4 frilled lizards
  2 goblins
  8 kobolds
  5 rats
78 creatures vanquished.

Notes
Turn   | Place    | Note
-------+----------+-------------------------------------------
     0 | D:1      | Strat the Kobold Brigand began the quest for the Orb.
     0 | D:1      | Reached XP level 1. HP: 12/12 MP: 1/1
   117 | D:1      | Reached XP level 2. HP: 5/17 MP: 2/2
   693 | D:1      | Reached XP level 3. HP: 21/21 MP: 3/3
   839 | D:2      | Reached skill level 6 in Stealth
  1005 | D:2      | Reached XP level 4. HP: 25/26 MP: 4/4
  1559 | D:2      | Learned a level 1 spell: Apportation
  1705 | D:3      | Found a faded altar of an unknown god.
  1779 | D:3      | Identified the +3 robe "Deuduuxe" {-Tele Rampage rElec rC+}
  1875 | D:3      | Reached XP level 5. HP: 29/30 MP: 5/5
  1886 | D:3      | Reached skill level 7 in Stealth
  1900 | D:3      | Reached skill level 5 in Short Blades
  1983 | D:3      | Found a glowing golden altar of the Shining One.
  2499 | D:4      | Reached skill level 8 in Stealth
  2499 | D:4      | Reached XP level 6. HP: 34/35 MP: 6/6
  2548 | D:4      | Found a sand-covered staircase.
  2671 | Ossuary  | Entered an ossuary
  2686 | Ossuary  | Reached skill level 9 in Stealth
  2894 | Ossuary  | Reached skill level 10 in Stealth
  2894 | Ossuary  | Reached XP level 7. HP: 23/40 MP: 7/7
  2996 | Ossuary  | Slain by a mummy

Illustrated notes

Levels and vault maps discovered:
D:1:      co_arrival_square_in_a_square_in_a_square, layout_basic
D:2:      wad_pebble_path, layout_basic
D:3:      layout_loops_ring, mainiacjoe_overflow_six_doors_small,
          basic_ecumenical_altar
D:4:      layout_loops_ring, tgw_trog, nicolae_ossuary_entry_giza,
          uniq_crazy_yiuf_cottage, uniq_edmund, uniq_pikel
Ossuary:  ossuary_zaba_flooded

Skill      XL: |  1  2  3  4  5  6 |
---------------+-------------------+-----
Short Blades   | 3 4 5 |  5.3
Stealth        | 6 8 10 | 10.0
Fighting       | |  2.7
Throwing       | |  2.1
Dodging        | |  1.6

Action                     |  1- 3 |  4- 6 |  7- 9 || total
---------------------------+-------+-------+-------++-------
  Melee: Dagger            |    64 |    55 |       ||   119
         Short sword       |     8 |   141 |    24 ||   173
         Punch             |       |       |     4 ||     4
    Use: Scroll            |       |       |     1 ||     1
         Potion            |       |       |     1 ||     1
   Stab: Sleeping          |    15 |    18 |       ||    33
         Distracted        |       |       |     1 ||     1
 Armour: Robe              |    15 |    40 |     8 ||    63
  Dodge: Dodged            |    49 |   102 |    17 ||   168

Table legend: (Time is in decaauts)
 A = Elapsed time spent in this place.
 B = Non-inter-level travel time spent in this place.
 C = Inter-level travel time spent in this place.
 D = Time resting spent in this place.
 E = Time spent auto-exploring this place.
 F = Levels seen in this place.
 G = Mean time per level.
                   A        B        C        D        E       F      G
               +--------+--------+--------+--------+--------+-----+--------+
         Total |   2941 |   2755 |    186 |    326 |   1759 |   5 |  588.2 |
       Dungeon |   2620 |   2434 |    186 |    180 |   1743 |   4 |  655.0 |
       Ossuary |    320 |    320 |      0 |    146 |     16 |   1 |  320.0 |
               +--------+--------+--------+--------+--------+-----+--------+

Top non-repeatable levels by time:
     D:2: 817 daAuts
     D:1: 811 daAuts
     D:3: 803 daAuts
 Ossuary: 320 daAuts
     D:4: 188 daAuts
